 Dungeon Crawl Stone Soup version 0.29.1-2-gbd0b4ee654 (webtiles) character file.

Game seed: 3499045443151390597

9909 unlimited1921 the Thaumaturge (level 11, -5/70 HPs)
             Began as a Djinni Fire Elementalist on Nov 24, 2022.
             Was a Priest of Fedhas.
             Hit by a large rock thrown by a cyclops (28 damage)
             ... on level 10 of the Dungeon on Nov 29, 2022.
             The game lasted 01:14:36 (16977 turns).

unlimited1921 the Thaumaturge (DjFE)               Turns: 16977, Time: 01:14:39

Health: -5/70      AC: 13    Str:  7    XL:     11   Next: 83%
Gold:   509        EV:  9    Int: 21    God:    Fedhas [***...] SH:  5 Dex: 17

rFire   + + +      SeeInvis .   G - +4 quarterstaff (chaos)
rCold   x . .      Faith    .   (shield currently unavailable)
rNeg    . . .      Spirit   .   M - +1 scale mail "Boinimac" {rElec rF+ Dex+3}
rPois   ∞          Reflect  +   p - +1 helmet
rElec   +          Harm     .   o - +2 cloak
rCorr   .          Rampage  .   (no gloves)
Will    +....                   (boots unavailable)
Stlth   +.........              r - amulet of reflection
HPRegen 0.21/turn               (no ring)
MPRegen 0.00/turn               (no ring)

@: flying, studying Shields
A: sickness immunity, fire resistance 2, cold vulnerability 1, float, innate
caster, HP casting, extra vitality 1
a: Renounce Religion, Wall of Briars, Grow Ballistomycete


You were on level 10 of the Dungeon.
You worshipped Fedhas.
Fedhas was most pleased with you.
You visited 2 branches of the dungeon, and saw 11 of its levels.
You also visited: Bailey.

You collected 558 gold pieces.
You spent 49 gold pieces at shops.

Inventory:

Hand Weapons
 a - a +2 dagger of venom
 f - a +0 trident
 x - a +2 dagger of protection
 C - a +1 whip of flaming
 G - a +4 quarterstaff of chaos (weapon)
 O - a +4 trident
 P - a +5 scimitar of freezing
Missiles
 c - 27 javelins
 y - 9 boomerangs
 A - 2 throwing nets
Armour
 j - a +0 tower shield
 o - a +2 cloak (worn)
 p - a +1 helmet (worn)
 E - +0 steam dragon scales
 M - the +1 scale mail "Boinimac" (worn) {rElec rF+ Dex+3}
   (You found it on level 9 of the Dungeon)

   Dex:       It affects your dexterity (+3).
   rF:        It protects you from fire.
   rElec:     It insulates you from electricity.
 Q - a +4 ring mail
Jewellery
 q - an amulet of faith
 r - an amulet of reflection (around neck)
Wands
 e - a wand of polymorph (14)
 v - a wand of roots (24)
 D - a wand of light (11)
 F - a wand of digging (6)
 J - a wand of paralysis (10) (quivered)
Scrolls
 i - 3 scrolls of noise {unknown}
 k - 2 scrolls of teleportation
 m - 3 scrolls of vulnerability
 n - 4 scrolls of enchant armour
 w - 3 scrolls of enchant weapon {unknown}
 z - a scroll of immolation
 I - 2 scrolls of magic mapping {unknown}
 K - a scroll of poison
 L - a scroll of blinking
 N - a scroll of butterflies
 R - a scroll of acquirement
Potions
 b - 2 potions of berserk rage
 d - 2 potions of brilliance
 g - 2 potions of resistance
 h - a potion of ambrosia {unknown}
 l - 3 potions of curing
 s - a potion of haste
 t - a potion of flight {unknown}
 u - a potion of mutation
 B - a potion of attraction {unknown}
 H - 3 potions of lignification {unknown}


   Skills:
 + Level 2.7 Fighting
 + Level 0.6 Polearms
 - Level 0.1(0.4) Staves
 * Level 4.3 Armour
 + Level 4.4 Dodging
 + Level 4.0 Stealth
 * Level 5.8 Shields
 + Level 11.8 Spellcasting


You had 7 spell levels left.
You knew the following spells:

 Your Spells              Type           Power      Damage    Failure   Level
a - Foxfire               Conj/Fire      100%       2x1d9     1%          1
b - Scorch                Fire           100%       2d10      1%          2
c - Conjure Flame         Conj/Fire      58%        6-21      1%          3
d - Inner Flame           Hex/Fire       58%        N/A       1%          3
e - Flame Wave            Conj/Fire      58%        2d14      4%          4
f - Freeze                Ice            100%       1d11      1%          1
g - Searing Ray           Conj           100%       2d8       1%          2
h - Portal Projectile     Hex/Tloc       100%       N/A       1%          3
i - Tukima's Dance        Hex            58%        N/A       1%          3
j - Fulminant Prism       Conj/Hex       29%        3d14      4%          4
Your spell library was empty.

Dungeon Overview and Level Annotations

Branches:
Dungeon (10/15)            Temple (1/1) D:6          Bailey (visited)
   Lair: D:8-11         Orc: D:9-12

Altars:
Cheibriados
Dithmenos
Elyvilon
Fedhas
Makhleb
Nemelex Xobeh
Okawaru
Qazlal
Trog
Uskayaw
Wu Jian
Yredelemnul
Zin
The Shining One

Shops:
D:1 *   D:6 [


Innate Abilities, Weirdness & Mutations

You are immune to sickness and miasma.
You are immune to poison.
Your flesh is very heat resistant. (rF++)
You are vulnerable to cold. (rC-)
You float through the air rather than walking.
You learn spells naturally, not from books.
Your magical power is your life essence.
You have superior vitality. (+4 MHP)


Message History

(Press . to intensify the flame waves.)
The yak gores you!
The centaur wields a +0 shortbow.
The centaur shoots an arrow.
The arrow barely misses you.
Casting: Flame Wave (dangerous; 4% risk of failure)
Confirm with . or Enter, or press ? or * to list all spells.
Restarting spell: Flame Wave (dangerous; 4% risk of failure)
Press: ? - help, Dir - look around, f - activate A wave of flame ripples out!
The flame wave engulfs the yak.
The yak is severely wounded. (Press . to intensify the flame waves.)
The yak gores you.
The centaur shoots an arrow.
The arrow closely misses you.
There is nothing on the other side of the stone arch.
Unknown command.
Aiming: Paralyse
Press: ? - help, Q - select action, (/) - cycle Shift-Dir - straight line, f - centaur
Aim: a centaur, wielding a +0 shortbow (chance to affect: 49%)
The centaur suddenly stops moving!
The yak gores you but does no damage.
You thump the yak! You freeze the yak.
You kill the yak!
Fedhas appreciates your contribution to the ecosystem.
Casting: Flame Wave (dangerous; 4% risk of failure)
Confirm with . or Enter, or press ? or * to list all spells.
Flames lash the centaur.
The centaur is moderately wounded.
The centaur's fire resistance burns away.
Casting: Scorch (safe; 1% risk of failure)
Confirm with . or Enter, or press ? or * to list all spells.
Flames lash the centaur.
The centaur is burned terribly!
You kill the centaur!
Fedhas appreciates your contribution to the ecosystem.
You start resting.
A cyclops is nearby!
Aiming: Paralyse
Press: ? - help, Q - select action, (/) - cycle Shift-Dir - straight line, f - cyclops
Aim: a cyclops, quivering large rocks (chance to affect: 31%)
The cyclops easily resists.
The cyclops throws a large rock.
The large rock hits you!!
You die...
Fedhas appreciates your contribution to the ecosystem.

.... ##.......##
....# #.........#
..... #.........#
##.#.###.....)...#
.........).......#
≈~~~~~~......[...#
~#####))........##
#†..#C?.........#
#.@.)~...........
#...#~.>........
#####≈.........
~~........
...T#......
.#.........
............
.........##


You could see a cyclops.

Vanquished Creatures
  A boulder beetle (D:9)
  A two-headed ogre (D:10)
  A sixfirhy (D:8)
  A kobold demonologist (D:9)
  A troll (D:10)
  2 dancing weapons
  A wyvern (D:6)
  12 yaks
  5 steam dragons
  An acid dragon (D:8)
  A water moccasin (D:5)
  An ice beast (D:6)
  11 orc warriors
  2 black bears
  3 sky beasts
  An ogre (D:5)
  11 centaurs
  3 phantoms
  2 kobold brigands
  6 bullfrogs
  3 necrophages
  A gnoll sergeant (D:9)
  A scorpion (D:4)
  3 wights (D:8)
  4 killer bees (D:9)
  5 howler monkeys
  A jelly (D:5)
  Crazy Yiuf (D:6)
  2 gnoll boudas
  2 orc priests
  3 hounds
  6 iguanas
  5 orc wizards
  18 gnolls
  7 adders
  A white imp (D:6)
  An ufetubus (D:6)
  2 worms
  A dart slug (D:3)
  36 orcs
  3 endoplasms
  4 giant cockroaches
  9 goblins
  5 hobgoblins
  3 quokkas
  4 ball pythons
  5 bats
  A frilled lizard (D:2)
  15 kobolds
  6 rats
  A fulminant prism (D:9)
226 creatures vanquished.

Vanquished Creatures (collateral kills)
  A gnoll (D:6)
  2 kobolds (D:8)
3 creatures vanquished.

Vanquished Creatures (others)
  A dancing weapon (D:6)
  558 foxfires
  29 fulminant prisms
  16 fungi (D:5)
604 creatures vanquished.

Grand Total: 833 creatures vanquished

Notes
Turn   | Place    | Note
-------+----------+-------------------------------------------
     0 | D:1      | unlimited1921 the Djinni Fire Elementalist began the quest
                  | for the Orb.
     0 | D:1      | unlimited1921 set off with the following spells memorised:
                  | Foxfire, Scorch, Conjure Flame, Inner Flame, Flame Wave.
     0 | D:1      | Reached XP level 1. HP: 15/15 MP: 0/0
   474 | D:1      | Found a faded altar of an unknown god.
  1304 | D:1      | Reached XP level 2. HP: 19/21 MP: 0/0
  1373 | D:1      | Found Nueji's Assorted Antiques.
  2439 | D:2      | Reached skill level 3 in Spellcasting
  2439 | D:2      | Reached XP level 3. HP: 21/25 MP: 0/0
  2439 | D:2      | Learned a level 1 spell: Freeze
  4292 | D:3      | Reached XP level 4. HP: 6/31 MP: 0/0
  5261 | D:3      | Noticed a black bear
  5267 | D:3      | Killed a black bear
  5268 | D:3      | Reached skill level 4 in Spellcasting
  5268 | D:3      | Reached XP level 5. HP: 25/36 MP: 0/0
  5268 | D:3      | Learned a level 2 spell: Searing Ray
  5647 | D:3      | Reached XP level 6. HP: 32/41 MP: 0/0
  6422 | D:4      | Reached skill level 1 in Fighting
  6875 | D:5      | Entered Level 5 of the Dungeon
  6920 | D:4      | Reached skill level 5 in Spellcasting
  6920 | D:4      | Reached XP level 7. HP: 13/47 MP: 0/0
  6920 | D:4      | Learned a level 3 spell: Portal Projectile
  7153 | D:5      | Reached skill level 1 in Shields
  7171 | D:5      | Noticed a water moccasin
  7179 | D:5      | Killed a water moccasin
  7697 | D:5      | Reached XP level 8. HP: 38/52 MP: 0/0
  8020 | D:5      | Reached skill level 6 in Spellcasting
  8569 | D:5      | Reached skill level 7 in Spellcasting
  8888 | D:5      | Reached XP level 9. HP: 54/58 MP: 0/0
  8888 | D:5      | Learned a level 3 spell: Tukima's Dance
  9537 | D:6      | Found Biorhirgh's Armour Boutique.
  9545 | D:6      | Bought a +0 tower shield for 49 gold pieces
  9572 | D:6      | Reached skill level 8 in Spellcasting
 10300 | D:6      | Found a runed translucent door.
 10301 | D:6      | Noticed Crazy Yiuf
 10306 | D:6      | Killed Crazy Yiuf
 10391 | D:6      | Found a staircase to the Ecumenical Temple.
 10649 | Temple   | Entered the Ecumenical Temple
 10694 | Temple   | Became a worshipper of Fedhas Madash
 11011 | D:6      | Reached skill level 9 in Spellcasting
 11579 | D:7      | Reached XP level 10. HP: 59/64 MP: 0/0
 11933 | D:8      | Noticed a sixfirhy
 11933 | D:8      | Found a runed translucent door.
 12133 | D:9      | Reached * piety under Fedhas
 12249 | D:9      | Identified the +1 scale mail "Boinimac" {rElec rF+ Dex+3}
 12303 | D:9      | Found an iron altar of Okawaru.
 12357 | D:9      | Reached skill level 10 in Spellcasting
 13455 | D:8      | Killed a sixfirhy
 13456 | D:8      | Reached skill level 1 in Armour
 13707 | D:9      | Reached ** piety under Fedhas
 13708 | D:9      | Reached XP level 11. HP: 43/69 MP: 0/0
 13708 | D:9      | Learned a level 4 spell: Fulminant Prism
 14167 | D:9      | Reached skill level 11 in Spellcasting
 14557 | D:9      | Noticed a boulder beetle
 14583 | D:9      | Killed a boulder beetle
 14922 | D:10     | Entered Level 10 of the Dungeon
 14924 | D:10     | Noticed a two-headed ogre
 14930 | D:10     | Killed a two-headed ogre
 14942 | D:10     | Noticed a cyclops
 14944 | D:10     | Found a flagged portal.
 14950 | Bailey   | Entered a bailey
 15358 | Bailey   | Reached *** piety under Fedhas
 15497 | Bailey   | Reached skill level 5 in Shields
 16977 | D:10     | Hit by a large rock thrown by a cyclops

Illustrated notes

Levels and vault maps discovered:
D:1:      dpeg_arrival_water_temple_mockup, layout_loops_ring, serial_shops,
          nicolae_shop_crystal, basic_ecumenical_altar
D:2:      layout_rooms
D:3:      minmay_bubble_buster, layout_loops_corners
D:4:      layout_rooms, kiku_gazebo_pond_becter
D:5:      kennysheep_steamy, layout_basic, minmay_misc_feat_tower
D:6:      layout_loops_ring, minmay_temple_entry_drinking_statues, serial_shops,
          shop, uniq_crazy_yiuf_cottage
D:7:      layout_rooms
D:8:      cheibrodos_shockbox, layout_basic
D:9:      layout_gridville, okawaru_gym_becter
D:10:     hangedman_cross_stitches, layout_rooms,
          nicolae_overflow_hallway_of_the_gods, lair_entry_dummy, enter_bailey_3
Temple:   bh_familiar_temple

Skill      XL: |  1  2  3  4  5  6  7  8  9 10 11 |
---------------+----------------------------------+-----
Stealth        | 2 3 4 |  4.0
Spellcasting   | 3 4 5 7 9 10 11 | 11.8
Fighting       | 1 2 |  2.7
Shields        | 1 2 4 5 |  5.8
Dodging        | 3 4 |  4.4
Armour         | 1 4 |  4.3
Polearms       | |  0.6
Staves         | |  0.1

Action                   |  1- 3 |  4- 6 |  7- 9 | 10-12 || total
-------------------------+-------+-------+-------+-------++-------
Melee: Unarmed           |       |     4 |       |       ||     4
       Trident           |       |     5 |    11 |       ||    16
       Quarterstaff      |       |       |    18 |    22 ||    40
       Dagger            |       |       |     3 |       ||     3
 Cast: Foxfire           |    79 |    36 |    97 |   118 ||   330
       Scorch            |     3 |    14 |    26 |    37 ||    80
       Freeze            |     3 |       |     1 |     3 ||     7
       Inner Flame       |       |     3 |    32 |    53 ||    88
       Tukima's Dance    |       |       |     8 |     5 ||    13
       Flame Wave        |       |       |     4 |     3 ||     7
       Portal Projectile |       |       |       |     1 ||     1
       Fulminant Prism   |       |       |       |    30 ||    30
       Conjure Flame     |       |       |       |     1 ||     1
Evoke: Wand              |       |       |       |     2 ||     2
  Use: Scroll            |       |     7 |     2 |     6 ||    15
       Potion            |       |       |     1 |     1 ||     2
 Stab: Sleeping          |       |       |     1 |       ||     1
Armor: Robe              |       |     8 |     8 |       ||    16
       Steam dragon scal |       |       |    15 |       ||    15
       Scale mail        |       |       |       |    27 ||    27
Dodge: Dodged            |     3 |     9 |    50 |    25 ||    87
Block: Other             |       |     2 |    18 |    14 ||    34
       Reflection        |       |       |     2 |       ||     2
